 Dungeon Crawl Stone Soup version 0.31-a0-726-g3c93526463 (webtiles) character file.

Game seed: 12655220934226647409

70 Ordine the Ruffian (level 4, -2/29 HPs)
             Began as an Octopode Shapeshifter on Sept 11, 2023.
             Slain by a gnoll
             ... wielding a +1 heavy flail
              (20 damage)
             ... on level 2 of the Dungeon.
             The game lasted 00:02:04 (1139 turns).

Ordine the Ruffian (Octopode Shapeshifter)          Turns: 1139, Time: 00:02:05

Health: -2/29      AC:  1    Str: 15    XL:     4   Next: 22%
Magic:  4/4        EV: 13    Int: 12    God:
Gold:   95         SH:  0    Dex: 11    Spells: 3/3 levels left

rFire   . .          .
                       - Unarmed
rCold   . . .        (no shield)
rNeg    . . .        (helmet currently unavailable)
rPois   .            (no amulet)
rElec   .            (no ring)
rCorr   .            (no ring)
SInv    .            (no ring)
Will    .....        (no ring)
Stlth   +++          (no ring)
HPRegen 0.24/turn    (no ring)
MPRegen 0.09/turn    (no ring)
                     (no ring)

%: no passive effects
@: beast-form
A: beast (slay +1), almost no armour, amphibious, 8 rings, camouflage 1,
gelatinous body 1, (nimble swimmer 1), tentacles
a: Begin Untransformation


You were on level 2 of the Dungeon.
You were a hulking beast.
You visited 1 branch of the dungeon, and saw 2 of its levels.

You collected 95 gold pieces.

Inventory:

Talismans
 b - a beast talisman (active)
 c - a flux talisman
Scrolls
 e - a scroll of blinking {unknown}
 f - a scroll of teleportation {unknown}
Potions
 d - 3 potions of might {unknown}
 g - 2 potions of curing {unknown}


   Skills:
 + Level 1.6 Fighting
 + Level 2.4 Dodging
 + Level 1.9 Stealth
 * Level 3.8 Unarmed Combat
 + Level 3.2 Shapeshifting


You had 3 spell levels left.
You didn't know any spells.
Your spell library contained the following spells:

 Spells                   Type           Power      Damage    Failure   Level
 Tukima's Dance           Hex            0%         N/A       69%         3
 Passage of Golubria      Tloc           0%         N/A       97%         4
 Yara's Violent Unravell  Hex/Tmut       0%         3d3       100%        5


Dungeon Overview and Level Annotations

Branches:
Dungeon (2/15)

Altars:

Shops:
D:1 (


Innate Abilities, Weirdness & Mutations

You are a hulking beast.
Your limbs bulge with bestial killing power. (Slay +1)
You cannot wear most types of armour.
You are amphibious.
You can wear up to eight rings at the same time.
Your skin changes colour to match your surroundings (Stealth+).
Your rubbery body absorbs attacks. (AC +1, EV +1)
((You are camouflaged when in or above water. (Stealth+)))
You have tentacles for arms and can constrict up to eight enemies at once.


Message History

You have reached level 4!
You tentacle-slap the bat.
You kill the bat!
You start resting.
An adder comes into view.
There is an escape hatch in the ceiling here.
A mysterious force pulls you upwards. The hatch slams shut behind you.
You start resting.
HP restored.
You enter the shallow water.
There is a stone staircase leading down here.
You climb downwards.
There is a stone staircase leading up here.
An endoplasm comes into view.
A gnoll and a ball python come into view. 2 gnolls come into view.
A gnoll is wielding a +1 heavy flail.
A gnoll is wielding a +0 spear of distortion.
Found 16 gold pieces.
The gnoll shouts!
The endoplasm quivers.
The gnoll shouts!
The ball python hisses angrily.
You tentacle-slap the ball python. Your grab misses the ball python.
The ball python is moderately wounded.
The endoplasm misses you. The ball python closely misses you.
The ball python misses you.
You tentacle-slap the ball python. Your grab misses the ball python.
You squeeze the ball python.
You kill the ball python!
The endoplasm freezes you.
You are frozen.
You tentacle-slap the endoplasm but do no damage.
You squeeze the endoplasm.
You kill the endoplasm!
There is a stone staircase leading up here.
There are monsters nearby!
The gnoll hits you from afar with a +0 halberd!
The gnoll barely misses you.
The gnoll hits you with a +1 heavy flail!!
Ouch! That really hurt!
You die...

#.# #..### #.#
#.... #.# ..
#.... #.# ....
#... #.##.....
#..#####........
#..g....g.gg....
#..##.##.......$
#h.##.#.........
##g##.##########
#.....# #######


You could see 2 gnolls.

Vanquished Creatures
  2 gnolls (D:2)
  2 adders (D:2)
  3 ball pythons
  2 bats
  4 endoplasms
  5 goblins
  4 hobgoblins
  2 quokkas (D:2)
  3 kobolds (D:2)
  2 rats
29 creatures vanquished.

Notes
Turn   | Place    | Note
-------+----------+-------------------------------------------
     0 | D:1      | Ordine the Octopode Shapeshifter began the quest for the
                  | Orb.
     0 | D:1      | Reached XP level 1. HP: 13/13 MP: 1/1
    63 | D:1      | Found Xiluetua's Weapon Emporium.
   137 | D:1      | Reached XP level 2. HP: 18/18 MP: 2/2
   376 | D:1      | Reached skill level 1 in Stealth
   773 | D:2      | Reached XP level 3. HP: 5/23 MP: 3/3
  1005 | D:2      | Reached XP level 4. HP: 9/29 MP: 4/4
  1139 | D:2      | Slain by a gnoll

Illustrated notes

Levels and vault maps discovered:
D:1:      dreamdust_arrival_beginning_and_end, layout_rooms, serial_rivers,
          chequers_serial_rivers_room_a, chequers_serial_rivers_micro_e,
          chequers_serial_rivers_micro_d, chequers_serial_rivers_large_a,
          chequers_serial_rivers_marsh, chequers_serial_rivers_marsh,
          serial_shops, shop, minmay_splitting_lines
D:2:      layout_basic

Skill      XL: |  1  2 |
---------------+-------+-----
Stealth        | 1 |  1.9
Fighting       | |  1.6
Dodging        | |  2.4
Unarmed Combat | |  3.8
Shapeshifting  | |  3.2

Action                     |  1- 3 |  4- 6 || total
---------------------------+-------+-------++-------
  Melee: Unarmed           |    46 |     4 ||    50
         Constrict         |    11 |       ||    11
         Tentacles         |     7 |     2 ||     9
         Punch             |     3 |       ||     3
    Use: Potion            |     1 |       ||     1
   Stab: Sleeping          |     1 |       ||     1
 Armour: Skin              |    25 |     2 ||    27
  Dodge: Dodged            |    29 |     4 ||    33

Table legend: (Time is in decaauts)
 A = Elapsed time spent in this place.
 B = Non-inter-level travel time spent in this place.
 C = Inter-level travel time spent in this place.
 D = Time resting spent in this place.
 E = Time spent auto-exploring this place.
 F = Levels seen in this place.
 G = Mean time per level.
                   A        B        C        D        E       F      G
               +--------+--------+--------+--------+--------+-----+--------+
         Total |   1136 |   1021 |    115 |     76 |    728 |   2 |  568.0 |
       Dungeon |   1136 |   1021 |    115 |     76 |    728 |   2 |  568.0 |
               +--------+--------+--------+--------+--------+-----+--------+

Top non-repeatable levels by time:
     D:1: 732 daAuts
     D:2: 403 daAuts
